 Dungeon Crawl Stone Soup version 0.30.1-4-g462c640d31 (webtiles) character file.

Game seed: 4809884055022311524

29 anacleto the Conjurer (level 3, -1/24 HPs)
             Began as a Human Conjurer on Aug 19, 2023.
             Slain by a jackal (3 damage)
             ... on level 2 of the Dungeon.
             The game lasted 00:02:18 (901 turns).

anacleto the Conjurer (Human Conjurer)               Turns: 901, Time: 00:02:18

Health: -1/24      AC:  2    Str:  7    XL:     3   Next: 32%
Magic:  7/7        EV: 12    Int: 20    God:
Gold:   54         SH:  0    Dex: 11    Spells: 1/7 levels left

rFire   . . .        c - staff of air
rCold   . . .        (no shield)
rNeg    . . .        a - +0 robe
rPois   .            (no helmet)
rElec   +            (no cloak)
rCorr   .            (no gloves)
SInv    .            (no boots)
Will    .....        (no amulet)
Stlth   ++           (no ring)
HPRegen 0.24/turn    (no ring)
MPRegen 0.10/turn

%: no passive effects
@: no status effects
A: no striking features
a: no special abilities


You were on level 2 of the Dungeon.
You visited 1 branch of the dungeon, and saw 2 of its levels.

You collected 54 gold pieces.

Inventory:

Missiles
 f - 28 stones
Armour
 a - a +0 robe (worn)
Magical Staves
 c - a staff of air (weapon)
Jewellery
 j - a ring of see invisible
Scrolls
 d - 3 scrolls of identify {unknown}
 g - a scroll of poison {unknown}
 h - a scroll of teleportation {unknown}
 i - a scroll of enchant weapon {unknown}
Potions
 b - 2 potions of magic
 e - a potion of curing {unknown}
 k - a potion of mutation {unknown}


   Skills:
 - Level 2.0 Dodging
 - Level 2.0 Stealth
 + Level 2.7 Spellcasting
 + Level 4.5 Conjurations


You had one spell level left.
You knew the following spells:

 Your Spells              Type           Power      Damage    Failure   Level
a - Magic Dart            Conj           80%        1d7       2%          1
b - Searing Ray           Conj           40%        2d5       3%          2
c - Dazzling Flash        Conj/Hex       22%        N/A       17%         3

Your spell library contained the following spells:

 Spells                   Type           Power      Damage    Failure   Level
 Fulminant Prism          Conj/Hex       5%         3d6       50%         4
 Iskenderun's Mystic Bla  Conj/Tloc      11%        2d4       50%         4


Dungeon Overview and Level Annotations

Branches:
Dungeon (2/15)

Altars:


Message History

The jackal closely misses you. The jackal bites you.
The jackal barely misses you.
You barely miss the jackal.
The jackal is moderately wounded.
The jackal misses you. The jackal bites you.
The jackal bites you but does no damage.
The jackal closely misses you.
You hit the jackal.
The jackal is almost dead.
The jackal bites you but does no damage.
The jackal bites you. The jackal misses you. x2
You hit the jackal but do no damage.
The jackal is heavily wounded.
The jackal closely misses you. The jackal barely misses you.
The jackal bites you. The rat barely misses you.
You closely miss the jackal.
The jackal is heavily wounded.
The jackal closely misses you. The jackal bites you. x3
The jackal misses you. The rat barely misses you. The jackal barely misses you.
You closely miss the jackal.
The jackal is heavily wounded.
The jackal misses you.
The jackal bites you. x2; The rat closely misses you.
The jackal bites you. x2
* * * LOW HITPOINT WARNING * * *
The jackal bites you.
* * * LOW HITPOINT WARNING * * *
You hit the jackal but do no damage.
The jackal is heavily wounded.
The jackal misses you. The jackal barely misses you.
The rat closely misses you.
The jackal bites you but does no damage.
You barely miss the jackal.
The jackal is heavily wounded.
The jackal closely misses you. The jackal barely misses you. x2
The rat misses you. The jackal bites you.
* * * LOW HITPOINT WARNING * * *
The jackal bites you.
* * * LOW HITPOINT WARNING * * *
The jackal bites you.
You die...

.####.###.####
....).# #....### .##
###.#.###...... ..#
...##....##.## ..#
######>.#.#...## ..#
#.........# ..#
#.##.#....# ..#
#.#.†.#...##r.##
........#.....h@h..#
##.##.#...##..##h..#
#.##.###...#...# #.
#.##..........
#.#.........###
............#
###.......#.. ##...
.####


You could see 3 jackals and a rat.

Vanquished Creatures
  4 ball pythons (D:1)
  An endoplasm (D:1)
  2 giant cockroaches (D:1)
  2 goblins (D:1)
  3 hobgoblins
  6 jackals (D:1)
  A frilled lizard (D:1)
  3 kobolds
  3 rats
25 creatures vanquished.

Notes
Turn   | Place    | Note
-------+----------+-------------------------------------------
     0 | D:1      | anacleto the Human Conjurer began the quest for the Orb.
     0 | D:1      | Reached XP level 1. HP: 13/13 MP: 3/3
   224 | D:1      | Reached XP level 2. HP: 12/19 MP: 1/5
   485 | D:1      | Reached XP level 3. HP: 10/24 MP: 2/6
   580 | D:1      | Learned a level 2 spell: Searing Ray
   755 | D:1      | Learned a level 3 spell: Dazzling Flash
   901 | D:2      | Slain by a jackal

Illustrated notes

Levels and vault maps discovered:
D:1:      lemuel_arrival_muddy, layout_rooms, chequers_serial_rivers_small_b
D:2:      minmay_wonky_spiral, layout_loops_ring

Action                     || total
---------------------------++-------
  Melee: Staff             ||    74
   Cast: Magic Dart        ||    22
         Searing Ray       ||     2
 Armour: Robe              ||    19
  Dodge: Dodged            ||    89
